[Event "Titled Tuesday Blitz March 22 Late 2022"]
[White "Ezat, Mohamed"]
[Black "Cappai, Davide"]
[WhiteFideId "10600906"]
[BlackFideId "813338"]
[WhiteElo "2386"]
[BlackElo "2295"]
[Result "0-1"]
[Round "11"]
[TimeControl "180+1"]
[Date "2022.03.22"]
[WhiteClock "0:00:08"]
[BlackClock "0:00:14"]

1. e4 c5 2. d4 cxd4 3. c3 d3 4. Nf3 g6 5. Bxd3 Bg7 6. O-O Nc6 7. h3 d6 8. Re1 Nf6 9. Na3 O-O 10. Nc2 Nd7 11. Bg5 a5 12. Qd2 Nc5 13. Bc4 Be6 14. Bd5 Qd7 15. Ncd4 Rfe8 16. Rad1 Rab8 17. Bh6 Bh8 18. Qf4 Bxd5 19. exd5 Nxd4 20. cxd4 Na4 21. Ng5 Bf6 22. Ne4 Bh8 23. Re2 Nb6 24. Qf3 Qf5 25. Rde1 Qxf3 26. gxf3 Red8 27. Nc3 Bf6 28. f4 Rbc8 29. Kg2 Rc4 30. Re4 Rd7 31. Kg3 Rxd4 32. Rxd4 Bxd4 33. Nb5 Bg7 34. Bxg7 Kxg7 35. Rd1 Na4 36. b3 Nc5 37. Kf3 f5 38. Nd4 Kf6 39. Re1 Rc7 40. Re3 Ne4 41. Rd3 Rc1 42. Kg2 Ra1 43. a4 Rc1 44. h4 Rc3 45. Rxc3 Nxc3 46. Kf3 Nxd5 47. Nb5 Ke6 48. Na3 Nb6 49. Nc2 Kd5 50. Ke3 e5 51. fxe5 dxe5 52. Kd3 e4+ 53. Ke3 Ke5 54. f4+ exf3 55. Kxf3 Nd5 56. Na3 b6 57. Nc4+ Ke6 58. h5 g5 59. h6 Kf6 60. Nd6 Kg6 61. Kg3 Ne7 62. Nc4 Kxh6 63. Nxb6 Nc6 64. Nc4 Kg6 65. b4 axb4 66. a5 h5 67. a6 h4+ 68. Kh2 b3 69. Kh3 Kh5 70. Kh2 Na7 71. Kg2 g4 72. Kh2 Kg5 73. Kg2 f4 74. Kf2 h3 75. Kg1 g3 76. Kh1 f3 77. Nd2 Kf4 78. Nf1 g2+ 79. Kh2 b2 80. Nd2 f2 81. Nf1 g1=Q+ 82. Kxh3 Qxf1+ 83. Kh4 Qg2 84. Kh5 Qg5# 0-1


[Site "https://www.chess.com"]

[Event "Titled Tuesday Blitz March 22 Late 2022"]
[White "Fajdetic, Hrvoje"]
[Black "Papp, Petra"]
[WhiteFideId "14501945"]
[BlackFideId "739049"]
[WhiteElo "2172"]
[BlackElo "2259"]
[Result "0-1"]
[Round "11"]
[TimeControl "180+1"]
[Date "2022.03.22"]
[WhiteClock "0:00:01"]
[BlackClock "0:00:24"]

1. d4 Nf6 2. Bf4 c5 3. e3 Nd5 4. Bg3 Qb6 5. Nc3 Nxc3 6. bxc3 g6 7. h4 Bg7 8. h5 O-O 9. Bd3 d5 10. Nf3 Bg4 11. hxg6 hxg6 12. Rh4 Bxf3 13. gxf3 Nc6 14. Kd2 e5 15. Rb1 Qd8 16. Rxb7 cxd4 17. Qh1 dxe3+ 18. fxe3 e4 19. fxe4 dxe4 20. Qxe4 Rc8 21. Ke2 Qg5 22. Rg4 Qh5 23. Rb5 f5 24. Qe6+ Kh7 25. Rxf5 Qxg4+ 26. Kd2 Rxf5 27. Qxc8 Rf2+ 0-1


[Site "https://www.chess.com"]

[Event "Titled Tuesday Blitz March 22 Late 2022"]
[White "Fishbein, Alexander"]
[Black "Papasimakopoulos, Alexandros"]
[WhiteFideId "2000377"]
[BlackFideId "4244125"]
[WhiteElo "2442"]
[BlackElo "2340"]
[Result "1-0"]
[Round "11"]
[TimeControl "180+1"]
[Date "2022.03.22"]
[WhiteClock "0:00:07"]
[BlackClock "0:00:13"]

1. e4 e6 2. d4 d5 3. exd5 exd5 4. Nf3 Bg4 5. h3 Bh5 6. Qe2+ Qe7 7. Be3 Nc6 8. Nc3 O-O-O 9. g4 Bg6 10. O-O-O f6 11. Qb5 Qd7 12. Nh4 Bf7 13. Bg2 a6 14. Qa4 Bb4 15. Ne2 Nge7 16. c3 Bd6 17. Qc2 g5 18. Nf5 Nxf5 19. Qxf5 Qxf5 20. gxf5 Ne7 21. h4 Bh5 22. Rde1 Bxe2 23. Rxe2 g4 24. Bd2 c6 25. Re6 Rhf8 26. f3 g3 27. Rhe1 Kd7 28. Kc2 Rf7 29. b3 Rg8 30. c4 Nxf5 31. Bh3 Nxd4+ 32. Kd3 Nxe6 33. Bxe6+ Ke7 34. cxd5 cxd5 35. Bxd5+ Be5 36. f4 g2 37. Rg1 Rg3+ 38. Ke4 Rfg7 39. fxe5 R7g4+ 40. Bf4 fxe5 41. Kxe5 Rd3 42. Bg5+ Kd7 43. Be6+ Kc6 44. Bxg4 Rg3 45. Bf5 Kc5 46. Be4 h6 47. Rxg2 Rh3 48. Bxh6 Rxh4 49. Bf8+ Kb5 50. Bxb7 Rh5+ 51. Kd6 Rh8 52. Bd5 Rxf8 53. Rg5 Kb4 54. Bc4 Ra8 55. Rg6 a5 56. Kd5 a4 57. Rb6+ Kc3 58. bxa4 Rd8+ 59. Kc5 Rc8+ 60. Rc6 Ra8 61. Bb3 Rb8 62. a5 Ra8 63. a6 Kb2 64. Kb6 Ka3 65. a7 Rh8 66. Kb7 Rh7+ 67. Rc7 Rxc7+ 68. Kxc7 Kb4 69. a8=Q Kc3 70. Qc6+ Kb2 71. a4 Ka3 72. a5 Kb2 73. a6 Ka3 74. a7 Kb2 75. a8=Q Kb1 76. Qab7 Kb2 77. Be6+ Ka3 78. Qca6# 1-0


[Site "https://www.chess.com"]

[Event "Titled Tuesday Blitz March 22 Late 2022"]
[White "Godzwon, Iwo"]
[Black "Chigaev, Maksim"]
[WhiteFideId "21802483"]
[BlackFideId "4108116"]
[WhiteElo "2201"]
[BlackElo "2502"]
[Result "1-0"]
[Round "11"]
[TimeControl "180+1"]
[Date "2022.03.22"]
[WhiteClock "0:00:04"]
[BlackClock "0:00:02"]

1. e4 c5 2. Nf3 Nc6 3. d4 cxd4 4. Nxd4 Nf6 5. Nc3 e5 6. Ndb5 d6 7. Bg5 a6 8. Na3 b5 9. Nd5 Be7 10. Bxf6 Bxf6 11. c3 Ne7 12. Nxf6+ gxf6 13. Bd3 Bb7 14. Qe2 d5 15. Nc2 f5 16. f3 Qb6 17. O-O-O dxe4 18. fxe4 f4 19. g3 Ng6 20. Nb4 Rd8 21. Nd5 Bxd5 22. exd5 Qe3+ 23. Qxe3 fxe3 24. Be4 Ke7 25. Rhe1 Rhf8 26. g4 Nf4 27. Rxe3 Kd6 28. g5 h6 29. gxh6 f5 30. Bc2 Rf6 31. c4 bxc4 32. Ra3 e4 33. Rxa6+ Ke5 34. Rxf6 Kxf6 35. h7 Rh8 36. d6 Nd3+ 37. Kb1 Rxh7 38. b3 Rb7 39. Ka1 Nb4 40. d7 Nxc2+ 41. Kb2 Rxd7 42. Rxd7 cxb3 43. Kxb3 Ne1 44. a4 f4 45. a5 f3 46. Rd8 Ke7 47. Rd4 Nd3 48. Rxe4+ Kf6 49. Re3 f2 50. Rf3+ Ke5 51. Kc4 Ke4 52. Rxf2 Nxf2 53. a6 Nd3 54. a7 1-0


[Site "https://www.chess.com"]

[Event "Titled Tuesday Blitz March 22 Late 2022"]
[White "Golubev, Mikhail"]
[Black "Bibasa, Bob"]
[WhiteFideId "14100983"]
[BlackFideId "10000240"]
[WhiteElo "2374"]
[BlackElo "2056"]
[Result "0-1"]
[Round "11"]
[TimeControl "180+1"]
[Date "2022.03.22"]
[WhiteClock "0:00:02"]
[BlackClock "0:00:09"]

1. d4 Nf6 2. c4 e6 3. Nf3 b6 4. a3 Bb7 5. Nc3 c5 6. d5 Be7 7. d6 Bf8 8. h4 Nc6 9. h5 h6 10. Bf4 Rc8 11. Nb5 a6 12. Nc7+ Rxc7 13. dxc7 Qc8 14. Qb3 Be7 15. Qxb6 O-O 16. e3 d6 17. b4 cxb4 18. axb4 Nd7 19. c5 Nxb6 20. cxb6 e5 21. Bg3 Nxb4 22. Rc1 Nd5 23. Rb1 Qf5 24. Rb2 Bf6 25. Be2 e4 26. Nd4 Bxd4 27. exd4 Qf6 28. O-O Qxd4 29. Rfb1 Nc3 30. Rc1 Nxe2+ 31. Rxe2 Qxb6 32. Rd2 d5 33. Rdc2 Rc8 34. Be5 Qe6 35. Bd4 a5 36. Rb2 Ba6 37. Rb8 Bc4 38. Rcb1 Kh7 39. R1b6 Qd7 40. Rxc8 Qxc8 41. Be5 Ba6 42. Rb8 Qe6 43. Bf4 a4 44. Rd8 Bc8 45. Rd6 Qf5 46. g3 a3 0-1


[Site "https://www.chess.com"]

[Event "Titled Tuesday Blitz March 22 Late 2022"]
[White "Golubka, Petro"]
[Black "Estrada Nieto, Julian"]
[WhiteFideId "14114224"]
[BlackFideId "5101018"]
[WhiteElo "2346"]
[BlackElo "2246"]
[Result "1-0"]
[Round "11"]
[TimeControl "180+1"]
[Date "2022.03.22"]
[WhiteClock "0:00:55"]
[BlackClock "0:00:02"]

1. d4 d5 2. Bg5 h6 3. Bc1 Nf6 4. Nf3 c5 5. e3 Nc6 6. Be2 e6 7. b3 Bd6 8. Bb2 O-O 9. Nbd2 cxd4 10. exd4 Qe7 11. a3 e5 12. dxe5 Nxe5 13. O-O Bf5 14. Nd4 Bg6 15. Re1 Qd7 16. h3 Rac8 17. Bf1 a6 18. Rc1 Rfe8 19. Re3 Bc5 20. Qe1 Nc6 21. N2f3 Rxe3 22. fxe3 Re8 23. Kh1 Ne4 24. Bd3 Bd6 25. Nxc6 Qxc6 26. Bxe4 Bxe4 27. Qf2 Qd7 28. Kg1 Qf5 29. b4 Qg6 30. Bd4 Bg3 31. Qe2 Bd6 32. c3 Qg3 33. Qf2 Qg6 34. Rf1 Bg3 35. Qd2 Bb8 36. Qf2 Bg3 37. Qb2 Bb8 38. g4 Qd6 39. Qf2 1-0


[Site "https://www.chess.com"]

[Event "Titled Tuesday Blitz March 22 Late 2022"]
[White "Grischuk, Alexander"]
[Black "Rustemov, Alexander"]
[WhiteFideId "4126025"]
[BlackFideId "4119002"]
[WhiteElo "2762"]
[BlackElo "2794"]
[Result "0-1"]
[Round "11"]
[TimeControl "180+1"]
[Date "2022.03.22"]
[WhiteClock "0:00:02"]
[BlackClock "0:00:13"]

1. e4 e6 2. d4 d5 3. e5 c5 4. c3 Qb6 5. Nf3 Bd7 6. Bd3 cxd4 7. Nxd4 Ne7 8. Nd2 Nbc6 9. N2f3 Nxd4 10. Nxd4 Nc6 11. Nf3 f6 12. Qe2 O-O-O 13. O-O fxe5 14. Nxe5 Nxe5 15. Qxe5 Bd6 16. Qxg7 Rhg8 17. Qh6 e5 18. Bg5 Rde8 19. h4 e4 20. Bc2 Qc7 21. Bb3 Rg6 22. Qh5 Bc6 23. Rad1 Qf7 24. f4 e3 25. Rde1 Bc5 26. Kh1 Bb5 27. Rf3 Qf5 28. Rh3 h6 29. Qd1 hxg5 30. Bc2 Qe6 31. Bxg6 Qxg6 32. Qxd5 b6 33. Qa8+ Kc7 34. Qxa7+ Kc8 35. fxg5 e2 36. Rf3 Qe4 0-1


[Site "https://www.chess.com"]

[Event "Titled Tuesday Blitz March 22 Late 2022"]
[White "Hakobyan, Aram"]
[Black "Dobrov, Vladimir"]
[WhiteFideId "13306677"]
[BlackFideId "4136594"]
[WhiteElo "2557"]
[BlackElo "2614"]
[Result "1/2-1/2"]
[Round "11"]
[TimeControl "180+1"]
[Date "2022.03.22"]
[WhiteClock "0:00:06"]
[BlackClock "0:00:11"]

1. e4 c5 2. Nf3 Nc6 3. Nc3 e6 4. d4 cxd4 5. Nxd4 d6 6. Be3 Nge7 7. Be2 a6 8. O-O b5 9. Nb3 Bb7 10. f4 Ng6 11. f5 Nge5 12. fxe6 fxe6 13. Nd4 Qd7 14. Bh5+ g6 15. Bg4 Nxg4 16. Qxg4 Nxd4 17. Bxd4 e5 18. Qxd7+ Kxd7 19. Be3 Ke6 20. Rad1 Be7 21. Nd5 Raf8 22. c3 Rxf1+ 23. Kxf1 Rc8 24. Ke2 a5 25. Bb6 a4 26. Ba5 Rc5 27. Nxe7 Kxe7 28. Bb4 Rc4 29. Bxd6+ Ke6 30. Bb4 Rxe4+ 31. Kf2 Rf4+ 32. Kg1 Bd5 33. a3 h5 34. Bc5 h4 35. h3 Re4 36. Kf2 Rf4+ 37. Kg1 Bc4 38. Be3 Rf5 39. Rd2 Rf1+ 40. Kh2 Re1 41. Bf2 Re4 42. Bc5 Bd5 43. Kg1 g5 44. Kf2 Rf4+ 45. Kg1 Bc4 46. Be3 Rf1+ 47. Kh2 Kf5 48. Rf2+ Rxf2 49. Bxf2 Ke4 50. Kg1 Kd3 51. Bc5 Kd2 52. Kf2 e4 53. Be3+ Kc2 54. Bxg5 Kxb2 55. Be7 Kxc3 56. Ke3 Bf1 57. Kxe4 Bxg2+ 58. Kf4 Bxh3 59. Bb4+ Kb3 60. Kg5 Bd7 61. Kxh4 1/2-1/2


[Site "https://www.chess.com"]

[Event "Titled Tuesday Blitz March 22 Late 2022"]
[White "Hartikainen, Jarmo"]
[Black "Ortez, Andrea"]
[WhiteFideId "503134"]
[BlackFideId "6702392"]
[WhiteElo "2073"]
[BlackElo "1696"]
[Result "1/2-1/2"]
[Round "11"]
[TimeControl "180+1"]
[Date "2022.03.22"]
[WhiteClock "0:00:09"]
[BlackClock "0:00:17"]

1. e4 c5 2. Nf3 Nc6 3. d4 cxd4 4. Nxd4 g6 5. c4 Nf6 6. Nc3 Nxd4 7. Qxd4 d6 8. Be2 Bg7 9. Be3 O-O 10. Qd2 a5 11. O-O a4 12. Rac1 Qa5 13. Rfd1 Be6 14. f3 Rfc8 15. Nd5 Qxd2 16. Bxd2 Nxd5 17. cxd5 Bd4+ 18. Kf1 Bd7 19. Bc3 Be3 20. Bd2 Bd4 21. Bc3 Bxc3 22. Rxc3 Rxc3 23. bxc3 Rc8 24. c4 Rc5 25. Rb1 Rc7 26. a3 f5 27. Rb4 Kf7 28. Bd1 Kf6 29. Bxa4 Bxa4 30. Rxa4 fxe4 31. fxe4 Ke5 32. Ke2 Kxe4 33. Rb4 Kd4 34. Kf3 Rxc4 35. Rxb7 Rc3+ 36. Kf4 Rxa3 37. Rxe7 Ra2 38. Kf3 Kxd5 39. Rxh7 Ra3+ 40. Kf4 Ra2 41. Kf3 Ke5 42. g4 Ra3+ 43. Kg2 Kf4 44. h3 Ra2+ 45. Kf1 Kg3 46. Rd7 Kxh3 47. Rxd6 g5 48. Rd4 Rg2 49. Rd3+ Rg3 50. Rd4 Rf3+ 51. Kg1 Rg3+ 52. Kf2 Rxg4 53. Rxg4 Kxg4 54. Kg2 Kh4 55. Kh2 Kg4 56. Kg2 Kf5 57. Kf3 g4+ 58. Kg3 Kg5 59. Kg2 Kf4 60. Kf2 g3+ 61. Kg2 Kg4 62. Kg1 Kh4 63. Kg2 Kg4 64. Kg1 Kh3 65. Kh1 Kg4 66. Kg2 Kf4 67. Kg1 Kf3 68. Kf1 g2+ 69. Kg1 Kg3 1/2-1/2


[Site "https://www.chess.com"]

[Event "Titled Tuesday Blitz March 22 Late 2022"]
[White "Horak, Martin"]
[Black "Terletsky, Oleg"]
[WhiteFideId "367095"]
[BlackFideId "14116774"]
[WhiteElo "1997"]
[BlackElo "2064"]
[Result "1-0"]
[Round "11"]
[TimeControl "180+1"]
[Date "2022.03.22"]
[WhiteClock "0:00:23"]
[BlackClock "0:00:12"]

1. d4 Nf6 2. Bg5 g6 3. Bxf6 exf6 4. e3 f5 5. g3 Bg7 6. Bg2 h5 7. Ne2 h4 8. c4 d6 9. Nbc3 c6 10. b4 a6 11. a4 Nd7 12. b5 c5 13. bxa6 Rxa6 14. Nb5 Nf6 15. Rb1 hxg3 16. hxg3 Rxh1+ 17. Bxh1 Ne4 18. Nf4 Qa5+ 19. Ke2 Nc3+ 20. Nxc3 Qxc3 21. Bxb7 Bxb7 22. Rxb7 Qxc4+ 23. Qd3 Qxd3+ 24. Kxd3 cxd4 25. Rb4 dxe3 26. Kxe3 Bh6 27. Kd3 Bxf4 28. Rxf4 Ke7 29. Rb4 Ke6 30. Kc4 Ke5 31. f4+ Ke4 32. Kb5+ Kf3 33. Kxa6 Kxg3 34. Kb5 1-0


[Site "https://www.chess.com"]

[Event "Titled Tuesday Blitz March 22 Late 2022"]
[White "Ibarra Jerez, Jose Carlos"]
[Black "Barp, Alberto"]
[WhiteFideId "2226332"]
[BlackFideId "872555"]
[WhiteElo "2626"]
[BlackElo "2229"]
[Result "1-0"]
[Round "11"]
[TimeControl "180+1"]
[Date "2022.03.22"]
[WhiteClock "0:00:06"]
[BlackClock "0:00:05"]

1. Nf3 d5 2. e3 Nf6 3. b3 g6 4. Bb2 Bg7 5. c4 e6 6. Be2 O-O 7. O-O b6 8. Nc3 Bb7 9. Rc1 a6 10. Qc2 Nbd7 11. d4 Rc8 12. Rfd1 Qe7 13. Ne5 dxc4 14. Nxc4 Rfd8 15. Ba3 Qe8 16. f4 Nd5 17. Bf3 b5 18. Nxd5 Bxd5 19. Na5 Nf6 20. Nc6 Rd7 21. e4 Bxc6 22. Qxc6 h5 23. Bc5 Qd8 24. Qxa6 Ra8 25. Qxb5 Rxa2 26. Qc4 Ng4 27. Qd3 Bh6 28. Bxg4 hxg4 29. Qg3 Bf8 30. Bxf8 Rxd4 31. Qe1 Kxf8 32. Rxd4 Qxd4+ 33. Kh1 c5 34. Rd1 Qb4 35. Qxb4 cxb4 36. Kg1 Rb2 37. Rd3 Ke7 38. e5 f6 39. exf6+ Kxf6 40. Re3 Kf5 41. g3 Kf6 42. Kf1 g5 43. fxg5+ Kxg5 44. Re5+ Kf6 45. Re4 Rxb3 46. Rxg4 Kf5 47. Rf4+ Ke5 48. Kg2 Rb2+ 49. Kh3 Kd5 50. g4 e5 51. Rf8 b3 52. g5 Rb1 53. Rd8+ Kc4 54. Rc8+ Kd3 55. Rb8 Kc3 56. Rc8+ Kb2 57. Kg4 Re1 58. g6 e4 59. h4 e3 60. Kf3 Rh1 61. g7 Rg1 62. g8=Q Rxg8 63. Rxg8 Kb1 64. Rb8 b2 65. Kxe3 Kc1 66. h5 1-0


[Site "https://www.chess.com"]

[Event "Titled Tuesday Blitz March 22 Late 2022"]
[White "Indjic, Aleksandar"]
[Black "Lazavik, Denis"]
[WhiteFideId "911925"]
[BlackFideId "13515110"]
[WhiteElo "2616"]
[BlackElo "2437"]
[Result "1-0"]
[Round "11"]
[TimeControl "180+1"]
[Date "2022.03.22"]
[WhiteClock "0:01:05"]
[BlackClock "0:00:29"]

1. d4 Nf6 2. c4 e6 3. Nc3 Bb4 4. Qc2 O-O 5. Nf3 c5 6. dxc5 Na6 7. g3 Nxc5 8. Bg2 Nce4 9. O-O Nxc3 10. bxc3 Be7 11. e4 d6 12. e5 dxe5 13. Nxe5 Qc7 14. Re1 Nd7 15. Bf4 Nxe5 16. Bxe5 Bd6 17. Qe2 Bxe5 18. Qxe5 Qxe5 19. Rxe5 Rb8 20. Rb1 b6 21. c5 f6 22. Re2 e5 23. cxb6 axb6 24. Bd5+ Kh8 25. c4 Bf5 26. Rb4 Rfd8 27. Reb2 Rd6 28. a4 Bd7 29. h4 h5 30. a5 b5 31. Bf3 Ra6 32. Ra2 g6 33. Be2 Rba8 34. cxb5 Rxa5 35. Rxa5 Rxa5 36. b6 Ra1+ 37. Bf1 Ra8 38. b7 Rb8 39. Ba6 Kg7 40. Rc4 Kf7 41. Rc8 1-0


[Site "https://www.chess.com"]

[Event "Titled Tuesday Blitz March 22 Late 2022"]
[White "Jaferian, Koosha"]
[Black "Olsen, Filip Boe"]
[WhiteFideId "12507440"]
[BlackFideId "1440640"]
[WhiteElo "2030"]
[BlackElo "2188"]
[Result "1-0"]
[Round "11"]
[TimeControl "180+1"]
[Date "2022.03.22"]
[WhiteClock "0:01:08"]
[BlackClock "0:00:56"]

1. Nf3 d5 2. b3 c5 3. e3 Nc6 4. Bb2 Nf6 5. Be2 e6 6. O-O Bd6 7. c4 O-O 8. cxd5 exd5 9. d4 b6 10. Nbd2 Bb7 11. Rc1 Ne4 12. Bd3 f5 13. Bb1 Qe7 14. Qe2 Nb4 15. Rfd1 Ba6 16. Qe1 Nd3 17. Bxd3 Bxd3 18. Nf1 c4 19. Ne5 Bb4 20. Nc6 Bxe1 21. Nxe7+ Kf7 22. Rxe1 Kxe7 23. Ba3+ Nd6 24. Nd2 Rfc8 25. Nf3 Ke6 26. Ne5 Nb5 27. Bb2 Be4 28. bxc4 dxc4 29. Rxc4 Rxc4 30. Nxc4 Bd5 31. Ne5 Bxa2 32. Ra1 Bd5 33. f3 a5 34. Re1 a4 35. e4 fxe4 36. fxe4 Bb3 37. d5+ Kd6 38. Rc1 a3 39. Rc6+ Ke7 40. Ba1 Ra6 41. Re6+ Kd8 42. Nc6+ Kc7 43. Be5+ Kc8 44. Re8+ Kd7 45. Rd8# 1-0


[Site "https://www.chess.com"]

[Event "Titled Tuesday Blitz March 22 Late 2022"]
[White "Janturin, Artur"]
[Black "Kohler, Aran"]
[WhiteFideId "4130022"]
[BlackFideId "1002856"]
[WhiteElo "2341"]
[BlackElo "2290"]
[Result "0-1"]
[Round "11"]
[TimeControl "180+1"]
[Date "2022.03.22"]
[WhiteClock "0:00:07"]
[BlackClock "0:00:19"]

1. b3 e5 2. Bb2 Nc6 3. e3 a6 4. c4 Nf6 5. Nc3 b5 6. Nf3 bxc4 7. bxc4 Rb8 8. Rb1 d5 9. cxd5 Nxd5 10. Qa4 Qd7 11. Nxd5 Qxd5 12. Nxe5 Bd7 13. Nxd7 Qxd7 14. Bxa6 Rb4 15. Qc2 Bd6 16. Bxg7 Rg8 17. Rxb4 Nxb4 18. Qe4+ Qe7 19. Qa8+ Qd8 20. Qxd8+ Kxd8 21. Bf6+ Kd7 22. Bf1 Nxa2 23. f4 Nb4 24. Bc3 Nd5 25. Bd4 c5 26. Bc3 Nxc3 27. dxc3 Ra8 28. Be2 Ra1+ 29. Bd1 Ra2 30. O-O c4 31. Be2 Rxe2 32. Ra1 Rxe3 33. Ra7+ Ke6 34. g3 Rxc3 35. Ra8 Rc2 36. Rc8 c3 0-1


[Site "https://www.chess.com"]

[Event "Titled Tuesday Blitz March 22 Late 2022"]
[White "Jary, Sergey"]
[Black "Altman, Joshua"]
[WhiteFideId "14110350"]
[BlackFideId "426210"]
[WhiteElo "2260"]
[BlackElo "1945"]
[Result "1-0"]
[Round "11"]
[TimeControl "180+1"]
[Date "2022.03.22"]
[WhiteClock "0:00:26"]
[BlackClock "0:00:04"]

1. e4 e6 2. d4 d5 3. Nd2 Nf6 4. e5 Nfd7 5. c3 c5 6. Bd3 Nc6 7. Ndf3 Qb6 8. Ne2 cxd4 9. cxd4 f6 10. exf6 Nxf6 11. O-O Bd6 12. Bf4 Bxf4 13. Nxf4 Qxb2 14. Re1 O-O 15. a4 Qb6 16. g3 Bd7 17. Qd2 Rae8 18. Rab1 Qc7 19. Qc2 Qd6 20. Rxb7 Nb4 21. Qb1 Nxd3 22. Nxd3 Bxa4 23. Rxa7 Bd7 24. Nfe5 Rb8 25. Qc2 Rfc8 26. Nc5 Be8 27. Rea1 Ne4 28. Ned3 Bg6 29. Qe2 Re8 30. Nxe4 Bxe4 31. Nc5 Bf5 32. Rd7 Qf8 33. Raa7 Bh3 34. f4 Rb1+ 35. Kf2 Reb8 36. Rxg7+ Qxg7 37. Rxg7+ Kxg7 38. Qe5+ Kg8 39. Qg5+ Kh8 40. g4 Bf1 41. Nxe6 R1b7 42. Qe5+ Kg8 43. Kxf1 1-0


[Site "https://www.chess.com"]

[Event "Titled Tuesday Blitz March 22 Late 2022"]
[White "Jeet, Jain"]
[Black "Atanejhad, Sahebali"]
[WhiteFideId "5073022"]
[BlackFideId "12506664"]
[WhiteElo "2085"]
[BlackElo "1977"]
[Result "1-0"]
[Round "11"]
[TimeControl "180+1"]
[Date "2022.03.22"]
[WhiteClock "0:01:14"]
[BlackClock "0:00:02"]

1. d4 Nf6 2. Nf3 c5 3. e3 d5 4. b3 cxd4 5. exd4 g6 6. Bb2 Bg7 7. Bd3 O-O 8. O-O Nc6 9. a3 Bf5 10. Bxf5 gxf5 11. c4 e6 12. Nc3 Ne4 13. c5 Qf6 14. Ne2 Nxc5 15. Ne5 Nxe5 16. dxe5 Qg6 17. b4 Ne4 18. f3 Ng5 19. h4 h6 20. hxg5 hxg5 21. f4 g4 22. g3 Rfc8 23. Rc1 Bf8 24. Kg2 Be7 25. Rh1 Kg7 26. Bd4 Rh8 27. Qa4 a6 28. Qd7 Rae8 29. Qxb7 a5 30. Bc5 Bxc5 31. bxc5 Rb8 32. Qa6 Rxh1 33. Rxh1 Rb2 34. c6 Rc2 35. Kf2 f6 36. Qb7+ Kg8 37. Qc8+ Kf7 38. Qd7+ Kg8 39. c7 1-0


[Site "https://www.chess.com"]

[Event "Titled Tuesday Blitz March 22 Late 2022"]
[White "Jobava, Baadur"]
[Black "Matinian, Nikita"]
[WhiteFideId "13601520"]
[BlackFideId "24129100"]
[WhiteElo "2617"]
[BlackElo "2422"]
[Result "1-0"]
[Round "11"]
[TimeControl "180+1"]
[Date "2022.03.22"]
[WhiteClock "0:01:29"]
[BlackClock "0:00:04"]

1. b3 Nf6 2. Bb2 g6 3. Bxf6 exf6 4. c4 d5 5. cxd5 Qxd5 6. Nc3 Qa5 7. a3 Bg7 8. b4 Qb6 9. d4 O-O 10. e3 a5 11. b5 c5 12. Na4 Qc7 13. Nxc5 b6 14. Na4 Bb7 15. Nf3 Nd7 16. Be2 f5 17. O-O f4 18. Rc1 Qd6 19. exf4 Qxf4 20. d5 Rad8 21. g3 Qe4 22. Bc4 h5 23. Re1 Qf5 24. Nd4 Qf6 25. Nc6 Rde8 26. Bf1 Bh6 27. Rc4 Rxe1 28. Qxe1 Bg7 29. h4 Qd6 30. Bg2 Qxa3 31. Qe7 Qxe7 32. Nxe7+ Kh7 33. Rc7 1-0


[Site "https://www.chess.com"]

[Event "Titled Tuesday Blitz March 22 Late 2022"]
[White "Kamsky, Gata"]
[Black "Kaasen, Tor Fredrik"]
[WhiteFideId "2000024"]
[BlackFideId "1516647"]
[WhiteElo "2645"]
[BlackElo "2335"]
[Result "1-0"]
[Round "11"]
[TimeControl "180+1"]
[Date "2022.03.22"]
[WhiteClock "0:00:09"]
[BlackClock "0:00:01"]

1. d4 Nf6 2. Nf3 g6 3. Bg5 Bg7 4. c3 O-O 5. Nbd2 h6 6. Bh4 d6 7. e4 c5 8. d5 e6 9. dxe6 Bxe6 10. Bxf6 Qxf6 11. Bc4 Nc6 12. O-O Rad8 13. Re1 d5 14. exd5 Bxd5 15. Bxd5 Rxd5 16. Qb3 Rd7 17. Ne4 Qe7 18. Qb5 Rd5 19. h3 Ne5 20. Ned2 Rfd8 21. Nxe5 Rxd2 22. Nf3 Qd7 23. Qxd7 R2xd7 24. a4 b6 25. g4 Bf6 26. Kg2 Kg7 27. h4 Rd5 28. Re4 R5d7 29. Rae1 Rd5 30. R1e2 a6 31. Re8 Rxe8 32. Rxe8 Rd8 33. Re4 Rd5 34. Re1 b5 35. axb5 axb5 36. Re4 Kf8 37. Kg3 b4 38. cxb4 Bxb2 39. b5 c4 40. Rxc4 Rxb5 41. Rc6 Kg7 42. Nd2 Be5+ 43. Kg2 Rb4 44. Nc4 Bd4 45. Kf3 Bf6 46. h5 gxh5 47. gxh5 Rb5 48. Nd6 Rb3+ 49. Kg4 Rb4+ 50. f4 Bg5 51. Nc4 Bf6 52. Rc7 Bd4 53. Kf3 Rb3+ 54. Ke4 Ba1 55. Nd6 Rb4+ 56. Kf3 Rb3+ 57. Kg4 Kf6 58. Nxf7 Rb1 59. Nxh6 Rg1+ 60. Kf3 Rh1 61. Ng4+ Ke6 62. Rc6+ Kd5 63. Ra6 Bd4 64. h6 Rh4 65. Kg3 Rh1 66. Nf6+ Kc4 67. Ne4 Kd3 68. Ng5 1-0


[Site "https://www.chess.com"]

[Event "Titled Tuesday Blitz March 22 Late 2022"]
[White "Karttunen, Mika"]
[Black "Mikhalsky, Vladimir"]
[WhiteFideId "502081"]
[BlackFideId "14144352"]
[WhiteElo "2343"]
[BlackElo "2301"]
[Result "1/2-1/2"]
[Round "11"]
[TimeControl "180+1"]
[Date "2022.03.22"]
[WhiteClock "0:00:16"]
[BlackClock "0:00:37"]

1. e4 g6 2. d4 Bg7 3. c4 d6 4. Nc3 Nf6 5. f3 O-O 6. Be3 Nc6 7. Nge2 a6 8. Qd2 Re8 9. Nc1 e5 10. d5 Nd4 11. Nb3 Nxb3 12. axb3 Nh5 13. O-O-O Bd7 14. g4 Nf4 15. h4 b5 16. c5 dxc5 17. Bxc5 Bf8 18. Bxf8 Rxf8 19. Kb1 Qf6 20. Ne2 Nxe2 21. Bxe2 a5 22. Rc1 Qd6 23. Qc3 Ra7 24. Qc5 Rfa8 25. Bxb5 Bxb5 26. Qxb5 a4 27. b4 Ra6 28. Rc6 Rxc6 29. Qxc6 Qxc6 30. dxc6 Rb8 31. Rd1 Rxb4 32. Rd7 a3 33. Rxc7 Rxb2+ 34. Ka1 Rc2 35. Rc8+ Kg7 36. g5 h6 37. Kb1 Rc3 38. c7 hxg5 39. hxg5 Kh7 40. Ka2 Kg7 41. Kb1 Kh7 42. Ka2 Kg7 43. Kb1 1/2-1/2


[Site "https://www.chess.com"]

[Event "Titled Tuesday Blitz March 22 Late 2022"]
[White "Kozin, Yuri"]
[Black "Nazaretyan, Tigran"]
[WhiteFideId "4129920"]
[BlackFideId "24162345"]
[WhiteElo "2543"]
[BlackElo "2219"]
[Result "1/2-1/2"]
[Round "11"]
[TimeControl "180+1"]
[Date "2022.03.22"]
[WhiteClock "0:00:19"]
[BlackClock "0:00:22"]

1. e4 c5 2. Nf3 Nc6 3. d4 cxd4 4. Nxd4 Nf6 5. Nc3 d6 6. Bc4 e5 7. Nf5 Bxf5 8. exf5 Qd7 9. Nd5 Nxd5 10. Qxd5 Qxf5 11. O-O Be7 12. Qb5 Qd7 13. Be3 a6 14. Qd5 O-O 15. c3 Rac8 16. Rad1 b5 17. Bb3 Na5 18. Qxe5 Nxb3 19. axb3 Qe6 20. Qd5 Rfe8 21. h3 h6 22. Rfe1 Qxd5 23. Rxd5 Bf8 24. Ra1 Rc6 25. b4 Re5 26. Rad1 g5 27. Kf1 f6 28. g4 Kf7 29. Rxe5 dxe5 30. Rd7+ Kg6 31. Rd8 Be7 32. Rg8+ Kf7 33. Rh8 Kg7 34. Re8 Kf7 35. Rh8 Bf8 36. Bc5 Bxc5 37. bxc5 Rxc5 38. Rxh6 Kg7 39. Rh5 Rc4 40. f3 b4 41. h4 Kg6 42. hxg5 fxg5 43. Rh8 bxc3 44. bxc3 Rxc3 45. Ke2 a5 46. Ra8 Ra3 47. Ra6+ Kf7 48. Kf2 a4 49. Ke2 Ra1 50. Ke3 Ke7 51. Ke4 Re1+ 52. Kf5 Re3 53. Rxa4 Rxf3+ 54. Kxe5 Kf7 55. Ra6 Kg7 56. Ra7+ Kg6 57. Ra6+ Kg7 58. Ra7+ Kg6 59. Ra6+ Kg7 1/2-1/2


[Site "https://www.chess.com"]

[Event "Titled Tuesday Blitz March 22 Late 2022"]
[White "Kujawski, Adam"]
[Black "Martin Barcelo, Carles"]
[WhiteFideId "1100920"]
[BlackFideId "24561444"]
[WhiteElo "2053"]
[BlackElo "1875"]
[Result "0-1"]
[Round "11"]
[TimeControl "180+1"]
[Date "2022.03.22"]
[WhiteClock "0:00:02"]
[BlackClock "0:00:03"]

1. e4 g6 2. d4 Bg7 3. Nc3 d6 4. h3 a6 5. a4 b6 6. Be3 Bb7 7. Qd2 Nd7 8. f3 c5 9. d5 Ngf6 10. g4 O-O 11. h4 h5 12. gxh5 Nxh5 13. Bh6 b5 14. Bxg7 Kxg7 15. Nh3 Ne5 16. Be2 Rh8 17. Rg1 Qd7 18. Ng5 Nf6 19. f4 Nc4 20. Bxc4 bxc4 21. f5 Rxh4 22. fxg6 fxg6 23. O-O-O Rah8 24. Ne6+ Kf7 25. Qg2 Rg4 26. Qxg4 Nxg4 27. Rxg4 Bc8 28. Rf1+ Ke8 29. Rxg6 Qb7 30. Rh6 Rg8 31. Rg6 Rh8 32. Rh6 Rg8 33. Rg6 Bxe6 34. Rxe6 Qb4 35. Rh1 Qb7 36. Rh7 Rg1+ 37. Kd2 Rg2+ 38. Kc1 Rg1+ 39. Kd2 Rg8 40. e5 Kd8 41. exd6 Rg2+ 42. Ke1 Qxb2 0-1


[Site "https://www.chess.com"]